Map: 사이버 포레스트 - 래더

Players

Trap - Winner!

  • Race: Protoss Protoss
  • Spawn Location: 11:00

Leenock

  • Race: Zerg Zerg
  • Spawn Location: 5:00

Event: IEM Season 13: Katowice (2019)

VOD

Have the link to the VOD?

Description

Time

  • Played on: Feb. 28, 2019, 12:45 p.m.
  • Length: 10:05

All games in this series

Show
View Real Time Build Order
Export as new Build Order

Trap Protoss - Winner!

Build Orders: 1 Gate Expand, Archon Immortal 

Get SALT Encoding   

  12  0:00  Probe  
  13  0:12  Probe  
  14  0:18  Pylon  
  14  0:24  Probe  
  15  0:33  Probe  
  15  0:41  Probe  
  16  0:43  Gateway  
  17  0:50  Pylon  
  17  0:51  Probe  
  18  0:58  Assimilator  
  18  1:03  Probe  
  19  1:10  Pylon  
  19  1:15  Probe  
  20  1:31  Cybernetics Core  
  20  1:40  Nexus  
  20  1:46  Pylon  
  20  1:49  Probe  
  21  1:57  Adept  
  21  2:02  Pylon, Probe  
  24  2:12  Assimilator  
  23  2:25  Warp Gate  
  23  2:26  Adept, Probe  
  26  2:39  Robotics Facility  
  26  2:40  Probe  
  27  2:47  Stalker  
  26  2:52  Probe  
  29  2:59  Probe  
  29  3:04  Probe  
  31  3:09  Shield Battery  
  31  3:12  Probe  
  32  3:16  Probe  
  32  3:17  Sentry  
  35  3:23  Immortal  
  35  3:24  Probe  
  36  3:28  Probe  
  41  3:39  Probe  
  41  3:40  Probe  
  41  3:46  Gateway  
  41  3:51  Probe  
  41  3:52  Probe  
  41  3:53  Warp Prism  
  43  3:59  Pylon  
  43  4:06  Probe  
  46  4:16  Pylon  
  46  4:17  Probe  
  46  4:18  Probe  
  46  4:19  Sentry, Immortal  
  54  4:34  Probe x2  
  56  4:41  Assimilator  
  56  4:42  Sentry  
  56  4:43  Sentry, Pylon  
  60  4:51  Immortal  
  60  4:54  Gateway x2  
  60  5:05  Probe x2  
  66  5:15  Sentry  
  66  5:17  Gateway  
  66  5:18  Gateway  
  68  5:24  Pylon  
  68  5:27  Gateway  
  68  5:28  Observer  
  68  5:34  Gateway  
  69  5:42  Pylon  
  69  5:43  Sentry  
  69  5:44  Zealot  
  73  5:52  Zealot x2  
  73  5:54  Pylon  
  77  6:00  Pylon  
  77  6:11  Sentry x2  
  77  6:12  Zealot x3  
  77  6:15  Zealot  
  77  6:17  Observer  
  89  6:22  Pylon  
  89  6:30  Twilight Council  
  89  6:32  Zealot  
  89  6:33  Zealot x2  
  89  6:39  Zealot  
  97  6:40  Zealot  
  97  6:52  Zealot x2  
  99  6:58  Charge  
  99  7:00  Assimilator  
  99  7:02  Pylon  
  99  7:09  Dark Shrine  
  99  7:15  Stalker x3  
  99  7:17  Stalker  
  99  7:22  Pylon  
  107  7:27  Zealot  
  109  7:31  Pylon  
  109  7:32  Probe x2  
  111  7:37  Immortal  
  113  7:57  Observer  
  113  8:07  Immortal  
  113  8:17  Pylon  
  113  8:18  Pylon  
  117  8:23  Dark Templar  
  117  8:25  Dark Templar  
  117  8:26  Nexus  
  121  8:29  Dark Templar  
  123  8:46  Pylon  
  123  8:55  Dark Templar x3  
  129  8:56  Dark Templar, Zealot  
  129  8:59  Archon  
  129  9:00  Archon  
  131  9:08  Zealot x2  
  135  9:23  Zealot  
  121  9:28  Zealot x4  
  103  9:35  Zealot  
  91  9:43  Zealot x2  
  81  9:59  Zealot x4  
Show
View Real Time Build Order
Export as new Build Order

Leenock Zerg 

Build Orders: Pool First 

Get SALT Encoding   

  12  0:00  Drone  
  13  0:12  Overlord  
  13  0:17  Drone  
  14  0:30  Drone x2  
  16  0:43  Spawning Pool  
  16  0:44  Drone  
  16  0:48  Drone  
  17  0:55  Extractor  
  16  0:58  Drone  
  17  1:29  Queen, Zergling x6  
  22  1:41  Hatchery  
  22  1:43  Drone  
  22  1:54  Overlord  
  22  1:59  Metabolic Boost  
  22  2:11  Queen  
  22  2:13  Drone  
  25  2:23  Drone  
  25  2:25  Drone  
  26  2:35  Drone  
  27  2:42  Drone  
  28  2:47  Drone  
  28  2:48  Drone  
  29  2:51  Zergling x2  
  29  2:53  Zergling x2  
  31  3:02  Zergling x2  
  32  3:06  Overlord  
  32  3:07  Hatchery  
  31  3:15  Drone  
  31  3:17  Drone  
  34  3:20  Drone  
  34  3:21  Drone  
  34  3:23  Drone  
  34  3:26  Drone  
  37  3:27  Drone  
  37  3:31  Drone  
  37  3:32  Drone  
  40  3:34  Drone  
  40  3:37  Queen  
  42  3:42  Overlord  
  42  3:45  Drone  
  43  3:51  Overlord  
  43  3:58  Overlord  
  43  4:01  Drone  
  43  4:02  Drone x2  
  46  4:06  Drone x2  
  48  4:13  Queen  
  48  4:15  Drone  
  51  4:20  Drone x3  
  51  4:21  Drone x2  
  51  4:24  Roach Warren  
  55  4:25  Extractor  
  55  4:31  Drone x3  
  56  4:35  Drone  
  56  4:36  Drone x2  
  56  4:38  Overlord  
  60  4:41  Overlord  
  60  4:48  Zergling x2  
  60  4:49  Zergling x2  
  62  4:52  Zergling x2  
  62  4:53  Zergling x6  
  65  5:07  Roach x7  
  78  5:17  Overlord  
  78  5:26  Extractor  
  78  5:28  Zergling x18  
  86  5:31  Zergling x2  
  86  5:38  Zergling x4  
  86  5:39  Overlord x2  
  86  5:40  Queen x2, Zergling x2  
  96  5:42  Ravager x3  
  96  5:43  Ravager  
  98  5:50  Zergling x2  
  98  5:57  Overlord  
  97  5:58  Queen, Roach x5  
  107  6:10  Zergling x2  
  107  6:11  Zergling x14  
  114  6:19  Ravager x2  
  114  6:20  Overlord x2  
  116  6:32  Roach x2  
  121  6:33  Roach, Overlord x2  
  121  6:34  Overlord  
  120  6:40  Lair  
  117  6:48  Roach  
  117  6:49  Roach x2  
  117  6:50  Zergling x8  
  126  6:55  Roach x2  
  126  6:59  Roach  
  126  7:00  Spine Crawler  
  126  7:01  Spine Crawler  
  130  7:03  Spine Crawler  
  129  7:09  Roach  
  129  7:15  Roach x5  
  140  7:19  Roach  
  140  7:20  Zergling x10  
  147  7:29  Drone x5  
  152  7:30  Extractor  
  149  7:47  Roach x2  
  149  7:50  Glial Reconstitution, Zergling x2  
  154  7:54  Roach  
  154  7:55  Roach x2, Overlord x4  
  159  8:07  Overlord  
  159  8:08  Overlord  
  159  8:09  Roach  
  159  8:11  Overlord  
  161  8:14  Roach  
  161  8:15  Roach x3  
  161  8:18  Roach  
  171  8:20  Roach  
  171  8:21  Ravager x2  
  171  8:22  Roach  
  171  8:23  Roach  
  179  8:31  Drone x2  
  179  8:32  Drone x2  
  179  8:33  Drone x2  
  185  8:34  Drone  
  185  8:37  Extractor, Infestation Pit  
  185  8:38  Drone  
  185  8:43  Overseer  
  185  8:46  Overseer  
  178  8:49  Overseer  
  175  8:56  Drone x2  
  174  9:20  Roach x5  
  155  9:30  Roach x2  
  130  9:36  Roach  

Tags
 
Add a new tag
Caveats
  • Supply blocks, unpowered buildings, or Contaminate may cause inaccurate times.
  • Supply counts are checked every 10 seconds.